 Dungeon Sprint DCSS version 0.28.0-53-g5a82cb258f (webtiles) character file.

Game seed: 11327521412992770131

118 Zeld the Thaumaturge (level 4, -2/24 HPs)
             Began as a Deep Elf Conjurer on May 31, 2022.
             Was an Initiate of Sif Muna.
             Slain by a killer bee (3 damage)
             ... in the Dungeon (Sprint IV: "Fedhas' Mad Dash").
             The game lasted 00:00:46 (1085 turns).

Zeld the Thaumaturge (Deep Elf Conjurer)            Turns: 1085, Time: 00:00:46

Health: -2/24      AC:  2    Str:  4    XL:     4   Next: 72%
Magic:  15/16      EV: 12    Int: 25    God:    Sif Muna [......]
Gold:   60         SH:  0    Dex: 13    Spells: 17/20 levels left

rFire   . . .      SeeInvis .   (no weapon)
rCold   . . .      Faith    .   (no shield)
rNeg    . . .      Spirit   .   a - +0 robe
rPois   .          Reflect  .   (no helmet)
rElec   .          Harm     .   (no cloak)
rCorr   .          Rampage  .   (no gloves)
Will    .....      NoTele   +   (no boots)
Stlth   +++.......              i - amulet of invisibility {+Inv}
HPRegen 0.08/turn               (no ring)
MPRegen 0.15/turn               (no ring)

@: lethally poisoned (-2 -> -7), very slightly contaminated, invisible
A: no striking features
a: Renounce Religion, Evoke Invisibility


You were in the Dungeon.
You worshipped Sif Muna.
Sif Muna was noncommittal.
You visited 1 branch You collected 60 gold pieces.

Inventory:

Armour
 a - a +0 robe (worn)
Jewellery
 i - the amulet of invisibility (around neck) {+Inv}
   (You found it in the Dungeon)

   [amulet of nothing]

   +Inv:      It lets you turn invisible.
Scrolls
 g - a scroll of blinking
 h - a scroll of identify {unknown}
Potions
 b - a potion of curing
 c - a potion of heal wounds
 d - a potion of haste
 e - 2 potions of magic
 f - a potion of berserk rage
 j - a potion of mutation {unknown}


   Skills:
 - Level 2.4 Dodging
 + Level 4.6 Stealth
 * Level 8.5 Spellcasting
 * Level 7.8 Conjurations
 - Level 2.0 Hexes
 - Level 2.0 Translocations


You had 17 spell levels left.
You knew the following spells:

 Your Spells              Type           Power      Damage    Failure   Level
a - Magic Dart            Conj           100%       1d8       1%          1
b - Searing Ray           Conj           98%        2d8       1%          2

Your spell library contained the following spells:

 Spells                   Type           Power      Damage    Failure   Level
 Dazzling Flash           Conj/Hex       70%        N/A       2%          3
 Fulminant Prism          Conj/Hex       17%        3d11      8%          4
 Iskenderun's Mystic Bla  Conj/Tloc      35%        2d8       8%          4


Dungeon Overview and Level Annotations

Branches:
Dungeon (1/1)

Altars:
Cheibriados
Dithmenos
Elyvilon
Gozag
Hepliaklqana
Kikubaaqudgha
Makhleb
Nemelex Xobeh
Okawaru
Qazlal
Ru
Sif Muna
Trog
Uskayaw
Vehumet
Wu Jian
Xom
Yredelemnul
Zin
The Shining One
Beogh
Jiyva
Lugonu

Annotations:
D exclusion: oklob sapling


Message History

Magic restored.
You now have 60 gold pieces (gained 7).
You start waiting.
Done waiting.
You open the door.
There is an open door here.
You fail to use your ability.
You fail to use your ability.
You fade into invisibility!
You are very lightly contaminated with residual magic.
You are already invisible!
You are already invisible!
A queen bee and a killer bee come into view.
A killer bee comes into view.
The queen bee buzzes angrily.
The killer bee buzzes angrily. x2
A killer bee comes into view.
The killer bee buzzes angrily.
You hear an angry buzzing noise.
A killer bee comes into view.
The killer bee stings you.
You hit the killer bee but do no damage.
The killer bee buzzes angrily.
The killer bee misses you. The killer bee barely misses you. x2
Casting: Searing Ray (safe; 1% risk of failure)
Confirm with . or Enter, or press ? or * to list all spells.
You don't know that spell.
There are monsters nearby!
Unknown command.
Unknown command.
Casting: Searing Ray (safe; 1% risk of failure)
Confirm with . or Enter, or press ? or * to list all spells.
You don't know that spell.
The killer bee closely misses you. The killer bee stings you!
The killer bee closely misses you. The killer bee barely misses you.
The killer bee stings you!
* * * LOW HITPOINT WARNING * * *
You are lethally poisoned!
The killer bee poisons you! The killer bee misses you.
* * * LOW HITPOINT WARNING * * *
You feel sick. The killer bee stings you.
You die...

#########################
#<..P#.....#.....#.⌠._._.
#PP.÷'.(...'.#...'.._._._
#PPPP#.....#.#...#..._._P
###############'##.._._._
#.y.♣.yy@....'...#._._._.
#...y.y♣.....#...########
#.....♣..♣..######
##+####+#####


You could see a queen bee and 3 killer bees.

Vanquished Creatures
  A scorpion (D)
  2 oklob saplings (D)
  A river rat (D)
  A rat (D)
5 creatures vanquished.

Notes
Turn   | Place    | Note
-------+----------+-------------------------------------------
     0 | D        | Zeld the Deep Elf Conjurer began the quest for the Orb.
     0 | D        | Reached XP level 1. HP: 10/10 MP: 6/6
    10 | D        | Reached skill level 4 in Spellcasting
    10 | D        | Reached skill level 5 in Conjurations
    10 | D        | Reached skill level 1 in Hexes
    10 | D        | Reached skill level 1 in Translocations
    10 | D        | Reached XP level 2. HP: 7/15 MP: 0/9
   157 | D        | Learned a level 2 spell: Searing Ray
   165 | D        | Noticed an oklob sapling
   171 | D        | Killed an oklob sapling
   172 | D        | Reached skill level 6 in Spellcasting
   172 | D        | Reached XP level 3. HP: 5/19 MP: 1/12
   404 | D        | Noticed a scorpion
   404 | D        | Found the amulet of invisibility {+Inv}
   408 | D        | Killed a scorpion
   409 | D        | Reached skill level 7 in Spellcasting
   409 | D        | Reached XP level 4. HP: 1/24 MP: 7/15
   790 | D        | Found an opulent altar of Gozag.
   790 | D        | Found a hazy altar of Hepliaklqana.
   790 | D        | Found a burning altar of Makhleb.
   790 | D        | Found a sparkling altar of Nemelex Xobeh.
   790 | D        | Found a snail-covered altar of Cheibriados.
   790 | D        | Found a sacrificial altar of Ru.
   790 | D        | Found a shimmering blue altar of Sif Muna.
   790 | D        | Found a shimmering altar of Xom.
   790 | D        | Found a basalt altar of Yredelemnul.
   791 | D        | Found a viscous altar of Jiyva.
   791 | D        | Found a bloodstained altar of Trog.
   791 | D        | Found an ornate altar of the Wu Jian Council.
   792 | D        | Found an iron altar of Okawaru.
   792 | D        | Found a glowing silver altar of Zin.
   792 | D        | Found a shadowy altar of Dithmenos.
   793 | D        | Found a hide-covered altar of Uskayaw.
   793 | D        | Found an ancient bone altar of Kikubaaqudgha.
   794 | D        | Found a stormy altar of Qazlal.
   794 | D        | Found a glowing golden altar of the Shining One.
   794 | D        | Found a white marble altar of Elyvilon.
   795 | D        | Found a radiant altar of Vehumet.
   795 | D        | Found a corrupted altar of Lugonu.
   797 | D        | Became a worshipper of Sif Muna the Loreminder
   911 | D        | Reached skill level 8 in Spellcasting
  1075 | D        | Noticed a queen bee
  1085 | D        | HP: 1/24 [poisoned by a killer bee]
  1085 | D        | Slain by a killer bee

Illustrated notes

Levels and vault maps discovered:
D:        dungeon_sprint_fedhas [sprint_temple]

Skill      XL: |  1  2  3  4 |
---------------+-------------+-----
Spellcasting   | 4 6 7 8 |  8.5
Conjurations   | 5 6 7 |  7.8
Hexes          | 1 2 |  2.0
Translocations | 1 2 |  2.0
Stealth        | 4 |  4.6
Dodging        | |  2.4

Action                   |  1- 3 |  4- 6 || total
-------------------------+-------+-------++-------
Melee: Unarmed           |       |     1 ||     1
 Cast: Magic Dart        |     8 |       ||     8
       Searing Ray       |     3 |     1 ||     4
 Abil: Evoke Invisibilit |       |     3 ||     3
Dodge: Dodged            |     2 |     7 ||     9
